 Dungeon Crawl Stone Soup version 0.23.2-30-g0e89c35649 (webtiles) character file.

Game seed: 14332371396128833917

14 lepoulpe303 the Sneak (level 2, -1/13 HPs)
             Began as a Spriggan Enchanter on June 14, 2019.
             Slain by a hobgoblin
             ... wielding a +0 club
              (6 damage)
             ... on level 1 of the Dungeon.
             The game lasted 00:02:57 (856 turns).

lepoulpe303 the Sneak (Spriggan Enchanter)           Turns: 856, Time: 00:02:58

Health: -1/13      AC:  2    Str:  4    XL:     2   Next: 27%
Magic:  5/6        EV: 18    Int: 16    God:
Gold:   17         SH:  0    Dex: 16    Spells: 3/6 levels left

rFire    . . .     SeeInvis +   a - +1 dagger
rCold    . . .     Gourm    .   (shield restricted)
rNeg     . . .     Faith    .   b - +0 robe
rPois    .         Spirit   .   (helmet restricted)
rElec    .         Reflect  .   (no cloak)
rCorr    .         Harm     .   (gloves unavailable)
MR       .....                  (boots unavailable)
Stlth    +++.......             (no amulet)
HPRegen  0.04/turn              (no ring)
MPRegen  0.10/turn              (no ring)

@: very quick
A: very small, unfitting armour, see invisible, herbivore, speed 3, slow
metabolism 2
a: no special abilities


You were on level 1 of the Dungeon.
You were not hungry.

You visited 1 branch of the dungeon, and saw 1 of its levels.

You collected 17 gold pieces.

Inventory:

Hand Weapons
 a - a +1 dagger (weapon)
Missiles
 Q - 29 stones (quivered)
Armour
 b - a +0 robe (worn)
Scrolls
 c - a scroll of teleportation {unknown}
 d - a scroll of amnesia {unknown}
 f - a scroll of identify {unknown}
 g - a scroll of enchant armour {unknown}
Comestibles
 e - 3 rations


   Skills:
 + Level 2.0 Short Blades
 - Level 3.0 Dodging
 + Level 5.1 Stealth
 - Level 2.6 Spellcasting
 - Level 3.6 Hexes


You had 3 spell levels left.
You knew the following spells:

 Your Spells              Type           Power        Failure   Level  Hunger
a - Ensorcelled Hibernat  Hex/Ice        #.....       14%         2    ##.....
v - Corona                Hex            ##.....      4%          1    #......

Your spell library contained the following spells:

 Spells                   Type           Power        Failure   Level  Hunger
 Confuse                  Hex            ##......     13%         3    ###....
 Tukima's Dance           Hex            ##......     13%         3    ###....
 Dazzling Spray           Conj/Hex       #.....       28%         3    ###....


Dungeon Overview and Level Annotations

Branches:
Dungeon (1/15)

Altars:


Innate Abilities, Weirdness & Mutations

You are very small and have problems with some larger weapons.
You are too small for most types of armour.
You have supernaturally acute eyesight. (SInv)
You are a herbivore.
You cover ground extremely quickly.
You need to consume almost no food.


Message History

The hobgoblin shouts!
The kobold shouts!
Found two robes and a ration.
Found a stone staircase leading down.
Health restored: 13
Aim: a hobgoblin, wielding a +0 club (chance to defeat MR: 67%)
The hobgoblin is outlined in light.
You now have 5/6 mp.
You completely miss the hobgoblin. The hobgoblin hits you with a +0 club!
Ouch! That really hurt!
* * * LOW HITPOINT WARNING * * *
You take 7 damage, and have 6/13 hp.
MASSIVE DAMAGE!!
You hit the hobgoblin.
The hobgoblin hits you but does no damage.
You hit the hobgoblin. You hit the hobgoblin but do no damage.
The hobgoblin misses you.
You closely miss the hobgoblin. The hobgoblin hits you with a +0 club.
* * * LOW HITPOINT WARNING * * *
You take 1 damage, and have 5/13 hp.
You hit the hobgoblin but do no damage. The hobgoblin hits you with a +0 club.
You die...

##.## .....###.#
#.#.#.#. ###########
....... #.........#
#.... #.#.###.#.#
#.... #.#.# #.#.##
#.#.####.#.# #..#.##
#........#.# #.###.#
###@######.# ##.#.##
#g# #.#####.## .K.
#.......# .....
#######.# ....[..
##.##.#
.........####...#.###
+........>+...........
#......%.[####...#.###
##.##.##


You could see a hobgoblin and a kobold.

Levels and vault maps discovered:
D:1:      minmay_arrival_jagged, layout_loops_corners, grunt_decor_clamped

Notes
Turn   | Place    | Note
-------+----------+-------------------------------------------
     0 | D:1      | lepoulpe303 the Spriggan Enchanter began the quest for the
                  | Orb.
     0 | D:1      | Reached XP level 1. HP: 9/9 MP: 5/5
     5 | D:1      | Identified a +0 club
   123 | D:1      | Identified a +0 club
   589 | D:1      | Identified a +0 club
   592 | D:1      | Reached XP level 2. HP: 13/13 MP: 6/6
   596 | D:1      | Learned a level 2 spell: Ensorcelled Hibernation
   601 | D:1      | Identified a +0 club
   606 | D:1      | Reached skill level 5 in Stealth
   654 | D:1      | Identified a +0 club
   718 | D:1      | Reached skill level 2 in Short Blades
   849 | D:1      | Identified a +0 short sword
   849 | D:1      | Identified a +0 club
   856 | D:1      | Slain by a hobgoblin

Table legend:
 A = Turns spent in this place as a percentage of turns spent in the entire game.
 B = Non-inter-level travel turns spent in this place as a percentage of non-inter-level travel turns spent in the entire game.
 C = Inter-level travel turns spent in this place as a percentage of turns spent in this place.
 D = Turns resting spent in this place as a percentage of non-inter-level travel turns spent in this place.
 E = Turns spent auto-exploring this place as a percentage of non-inter-level travel turns spent in this place.
 F = Non-inter-level travel turns spent in this place divided by the number of levels of this place that you've seen.
                   A       B       C       D       E      F
               +-------+-------+-------+-------+-------+----------------------
         Total | 100.0 | 100.0 |   0.0 |  16.1 |  68.7 | 856.0
       Dungeon | 100.0 | 100.0 |   0.0 |  16.1 |  68.7 | 856.0
               +-------+-------+-------+-------+-------+----------------------

Table legend:
 A = Kills in this place as a percentage of kills in entire the game.
 B = Kills by you in this place as a percentage of kills by you in the entire game.
 C = Kills by friends in this place as a percentage of kills by friends in the entire game.
 D = Other kills in this place as a percentage of other kills in the entire game.
 E = Experience gained in this place as a percentage of experience gained in the entire game.
 F = Experience gained in this place divided by the number of levels of this place that you have seen.
                   A       B       C       D       E      F
               +-------+-------+-------+-------+-------+----------------------
         Total | 100.0 | 100.0 |   N/A |   N/A | 100.0 |  20.0
       Dungeon | 100.0 | 100.0 |   N/A |   N/A | 100.0 |  20.0
               +-------+-------+-------+-------+-------+----------------------

Skill      XL: |  1  2 |
---------------+-------+-----
Stealth        | 5 |  5.1
Short Blades   | 2 |  2.0
Dodging        | |  3.0
Spellcasting   | |  2.6
Hexes          | |  3.6

Action                   || total
-------------------------++-------
Melee: Dagger            ||    46
 Cast: Corona            ||     3
 Stab: Sleeping          ||     5
Armor: Robe              ||     5
Dodge: Dodged            ||    24

Vanquished Creatures
  A leopard gecko (D:1)
  A bat (D:1)
  A goblin (D:1)
  4 hobgoblins (D:1)
  A frilled lizard (D:1)
  A kobold (D:1)
  3 rats (D:1)
12 creatures vanquished.
